 Dungeon Sprint DCSS version 0.20.1-1-g8b1a95d (webtiles) character file.

424 equalderp2856 the Protected (level 6, 0/64 HPs)
             Began as a Minotaur Fighter on Oct 11, 2017.
             Was an Initiate of Gozag.
             Slain by Sonja
             ... wielding a +2 short sword of draining
              (4 damage)
             ... in the Dungeon (Sprint I: "Red Sonja").
             The game lasted 00:01:24 (880 turns).

equalderp2856 the Protected (Minotaur Fighter)       Turns: 880, Time: 00:01:25

Health: 0/64       AC:  6    Str: 20    XL:     6   Next: 64%
Magic:  5/5        EV:  6    Int:  5    God:    Gozag
Gold:   297        SH:  7    Dex: 12    Spells: 5/5 levels left

rFire    . . .     SeeInvis .   a - +0 war axe
rCold    . . .     Gourm    .   c - +0 shield
rNeg     . . .     Faith    .   b - +0 scale mail
rPois    .         Spirit   .   (helmet restricted)
rElec    .         Reflect  .   (no cloak)
rCorr    .         Harm     .   (no gloves)
MR       .....     NoTele   +   (no boots)
Stlth    ..........             (no amulet)
Regen    0.2/turn               (no ring)
MPRegen  0.1/turn               (no ring)

@: extremely drained
A: retaliatory headbutt, horns 2
a: Potion Petition, Call Merchant, Bribe Branch, Renounce Religion


You were in the Dungeon.
You worshipped Gozag.
Gozag was aware of your devotion.
You were not hungry.

You visited 1 branch You collected 297 gold pieces.

Inventory:

Hand Weapons
 a - a +0 war axe (weapon)
Armour
 b - a +0 scale mail (worn)
 c - a +0 shield (worn)
Wands
 l - a wand of digging (10/24)
Scrolls
 k - a scroll of blinking
Potions
 d - a potion of might
 e - a potion of curing
 g - a potion of heal wounds
 h - a potion of haste
 i - 3 potions of magic
 j - a potion of berserk rage
Comestibles
 f - a bread ration


   Skills:
 + Level 9.4(0.0) Fighting
 + Level 7.0(0.0) Axes
 + Level 10.1(0.0) Armour
 + Level 2.0(0.0) Dodging
 + Level 9.6(0.0) Shields


You had 5 spell levels left.
You didn't know any spells.

Dungeon Overview and Level Annotations

Branches:
Dungeon (1/1)

Altars:
Cheibriados
Dithmenos
Elyvilon
Fedhas
Gozag
Hepliaklqana
Kikubaaqudgha
Nemelex Xobeh
Okawaru
Qazlal
Ru
Sif Muna
Trog
Uskayaw
Vehumet
Yredelemnul
Zin
The Shining One

Shops:
D *

Annotations:
D Sonja


Innate Abilities, Weirdness & Mutations

You reflexively headbutt those who attack you in melee.
You have a pair of horns on your head.


Message History

Sonja hits you with an uncursed short sword of draining.
You feel drained. Sonja hits you but does no damage.
You feel drained.
You closely miss Sonja.
Sonja is severely wounded.
Sonja hits you with an uncursed short sword of draining.
You feel drained.
* * * LOW HITPOINT WARNING * * *
Sonja hits you with an uncursed short sword of draining.
* * * LOW HITPOINT WARNING * * *
You feel drained.
* * * LOW HITPOINT WARNING * * *
Sonja hits you but does no damage.
You feel drained.
Sonja hits you with an uncursed short sword of draining!
* * * LOW HITPOINT WARNING * * *
You feel drained.
* * * LOW HITPOINT WARNING * * *
Sonja barely misses you.
Sonja hits you with an uncursed short sword of draining.
You die...
Your body crumbles into a pile of gold.

################
#<.#..').#..'..#
$$ $
#..').#..').#..+
$$
#..#####'#####'#
#..####..#...#|#
#..#__####..##.#
$$
#..#_____##K#..+
#⌠⌠#_.∩...'@(._#
$$
####_..__##_.#'#
$$#_____###(#(#
$ ####### #.###
$ $ +$.$+$$ $$ $
#$.$# $ ##.##
$#+#$ $ $ $ $


You could see Sonja.

Vanquished Creatures
  Sigmund (D)
  A yak (D)
  An ogre (D)
  A jelly (D)
  Ijyb (D)
5 creatures vanquished.

Notes
Turn   | Place    | Note
-------+----------+-------------------------------------------
     0 | D        | equalderp2856 the Minotaur Fighter began the quest for the Orb.
     0 | D        | Reached XP level 1. HP: 19/19 MP: 0/0
     4 | D        | Noticed Ijyb
    25 | D        | Killed Ijyb
    25 | D        | Reached skill level 5 in Fighting
    25 | D        | Reached skill level 4 in Armour
    25 | D        | Reached skill level 5 in Shields
    25 | D        | Reached XP level 2. HP: 21/29 MP: 1/1
   110 | D        | Noticed an ogre
   115 | D        | Killed an ogre
   115 | D        | Reached skill level 6 in Armour
   115 | D        | Reached XP level 3. HP: 3/38 MP: 2/2
   115 | D        | Reached XP level 4. HP: 3/45 MP: 3/3
   389 | D        | Noticed Sigmund
   400 | D        | Killed Sigmund
   400 | D        | Reached skill level 5 in Axes
   400 | D        | Reached skill level 8 in Armour
   400 | D        | Reached skill level 1 in Dodging
   400 | D        | Reached XP level 5. HP: 23/56 MP: 4/4
   606 | D        | Found a deep blue altar of Sif Muna.
   608 | D        | Found a radiant altar of Vehumet.
   611 | D        | Reached skill level 9 in Armour
   611 | D        | Reached XP level 6. HP: 47/62 MP: 5/5
   685 | D        | Found Potil's General Store.
   685 | D        | Found an ancient bone altar of Kikubaaqudgha.
   685 | D        | Found a hazy altar of Hepliaklqana.
   685 | D        | Found a stormy altar of Qazlal.
   685 | D        | Found a hide-covered altar of Uskayaw.
   685 | D        | Found a blossoming altar of Fedhas.
   685 | D        | Found a bloodstained altar of Trog.
   685 | D        | Found an iron altar of Okawaru.
   685 | D        | Found a basalt altar of Yredelemnul.
   685 | D        | Found a glowing golden altar of the Shining One.
   685 | D        | Found a snail-covered altar of Cheibriados.
   685 | D        | Found a sacrificial altar of Ru.
   685 | D        | Found a glowing silver altar of Zin.
   685 | D        | Found a shadowy altar of Dithmenos.
   685 | D        | Found a white marble altar of Elyvilon.
   685 | D        | Noticed a yak
   690 | D        | Killed a yak
   690 | D        | Reached skill level 10 in Armour
   691 | D        | Found an opulent altar of Gozag.
   786 | D        | Found a sparkling altar of Nemelex Xobeh.
   825 | D        | Became a worshipper of Gozag Ym Sagoz the Greedy
   861 | D        | Noticed Sonja
   880 | D        | Slain by Sonja

Skill      XL: |  1  2  3  4  5  6 |
---------------+-------------------+-----
Fighting       | 5 6 8 9 |  9.4
Axes           | 3 4 5 7 |  7.0
Armour         | 4 6 8 9 10 | 10.1
Shields        | 5 7 8 9 |  9.6
Dodging        | 1 2 |  2.0

Action                   |  1- 3 |  4- 6 || total
-------------------------+-------+-------++-------
Melee: War axe           |    24 |    28 ||    52
       Headbutt          |     3 |     3 ||     6
Armor: Scale mail        |     6 |    18 ||    24
Dodge: Dodged            |     5 |    20 ||    25
Block: Shield            |     7 |    20 ||    27
